 Dungeon Crawl Stone Soup version 0.28.0 (webtiles) character file.

Game seed: 11991922581439667032

0 psuckher the Sneak (level 1, -1/18 HPs)
             Began as a Demonspawn Delver on Feb 15, 2022.
             Was an Initiate of Jiyva.
             Killed by divine providence
             ... invoked by an orc priest
              (11 damage)
             ... on level 5 of the Dungeon.
             The game lasted 00:02:12 (284 turns).

psuckher the Sneak (Demonspawn Delver)               Turns: 284, Time: 00:02:13

Health: -1/18      AC:  3    Str: 12    XL:     1   Next: 0%
Magic:  1/1        EV: 11    Int: 11    God:    Jiyva [......]
Gold:   29         SH:  0    Dex: 14    Spells: 0/0 levels left

rFire   . . .      SeeInvis .   a - +0 hand axe
rCold   . . .      Faith    .   (no shield)
rNeg    . . .      Spirit   .   b - +0 leather armour
rPois   .          Reflect  .   (no helmet)
rElec   .          Harm     .   (no cloak)
rCorr   .          Rampage  .   (no gloves)
Will    .....                   (no boots)
Stlth   ++........              (no amulet)
HPRegen 0.06/turn               (no ring)
MPRegen 0.07/turn               (no ring)

@: no status effects
A: no striking features
a: Renounce Religion


You were on level 5 of the Dungeon.
You worshipped Jiyva.
Jiyva was noncommittal.
You visited 2 branches of the dungeon, and saw 2 of its levels.

You collected 29 gold pieces.

Inventory:

Hand Weapons
 a - a +0 hand axe (weapon)
Armour
 b - a +0 leather armour (worn)
Wands
 g - a wand of digging (3)
Scrolls
 c - a scroll of fog
 d - a scroll of magic mapping
 h - a scroll of enchant armour {unknown}
Potions
 f - a potion of haste


   Skills:
 + Level 3.0 Fighting
 + Level 1.7 Axes
 + Level 1.7 Dodging
 + Level 4.5 Stealth


You couldn't memorise any spells.
You didn't know any spells.
Your spell library was empty.

Dungeon Overview and Level Annotations

Branches:
Dungeon (5/15)             Temple (1/1) D:5

Altars:
Ashenzari
Cheibriados
Dithmenos
Fedhas
Gozag
Nemelex Xobeh
Uskayaw
Wu Jian
Xom
The Shining One
Jiyva


Message History

You hear a distant slurping noise.
You hear a squelching noise.
You hear a distant slurping noise.
You hear a distant slurping noise.
You hear a distant slurping noise.
You hear a distant slurping noise.
You hear a squelching noise.
You hear a distant slurping noise.
A hound comes into view.
You hear a distant slurping noise.
You hear a squelching noise.
The hound barks!
You hear a distant slurping noise.
You hear a squelching noise.
The hound bites you.
You hear a distant slurping noise.
The hound bites you but does no damage. The hound barely misses you.
The hound barely misses you.
You hear a distant slurping noise.
You hear a distant slurping noise.
You hear a distant slurping noise.
You hear a squelching noise.
The hound bites you. The hound closely misses you.
You hear a distant slurping noise.
The hound barely misses you. The hound bites you.
You hear a distant slurping noise.
You hear a squelching noise.
The hound bites you.
You hear a distant slurping noise.
You hear a squelching noise.
There is a stone staircase leading down here.
The hound closely misses you.
You hear a distant slurping noise.
As you read the scroll of fear, it crumbles to dust.
You assume a fearsome visage.
The hound looks frightened!
Found a shadowy altar of Dithmenos. 2 orcs come into view.
The orc shouts! x2; You hear a shout!
An orc priest comes into view. It is wielding a +0 hand axe.
You swap places.
The orc barely misses the jelly.
The orc priest calls down the wrath of Beogh upon you.
Beogh smites you!
Ouch! That really hurt!
You die...

...## #.... ..... ..#.#
### ..## .... ..# ...##
###.####.. .....
##.....##.# ####
#.......#.#
#.#J......#.# ####
#.....@.....# #.>#
#.#...Jo..#.#####.#####
#.......#.....>....##
##...o.##.########...
###J####.# ###. ..o.
..# ## ##... .### #
###### #


You could see an orc priest, 2 orcs and 3 neutral jellies(fellow slime).

Vanquished Creatures (others)
  A centaur (D:5)
  An adder (D:5)
2 creatures vanquished.

Notes
Turn   | Place    | Note
-------+----------+-------------------------------------------
     0 | D:5      | psuckher the Demonspawn Delver began the quest for the Orb.
     0 | D:5      | Reached XP level 1. HP: 18/18 MP: 1/1
     5 | Temple   | Entered the Ecumenical Temple
   146 | Temple   | Became a worshipper of Jiyva Jekeango the Shapeless
   246 | D:5      | Killed a centaur
   251 | D:5      | Noticed a hound
   278 | D:5      | Found a shadowy altar of Dithmenos.
   280 | D:5      | Noticed an orc priest
   284 | D:5      | Killed from afar by an orc priest

Illustrated notes

Levels and vault maps discovered:
D:5:      layout_rooms, old_standard_altar, minmay_temple_entry_proselytizer,
          hangedman_decor_push, minmay_misc_feat_plants, uniq_grinder,
          uniq_blork_the_orc
Temple:   pf_slime_end_temple

Action                   || total
-------------------------++-------
  Use: Scroll            ||     1
Armor: Leather armour    ||     1
Dodge: Dodged            ||     5
